 Dungeon Sprint DCSS version 0.27-a0-1136-g0b992a5a9d (webtiles) character file.

Game seed: 5319848193242418245

29 mhtbhm the Gusty (level 3, 0/19 HPs)
             Began as a Deep Elf Air Elementalist on May 4, 2021.
             Was an Initiate of Vehumet.
             Slain by an acid dragon (6 damage)
             ... in the Dungeon (Sprint IX: "|||||||||||||||||||||||||||||").
             The game lasted 00:01:13 (432 turns).

mhtbhm the Gusty (Deep Elf Air Elementalist)         Turns: 432, Time: 00:01:14

Health: 0/19       AC:  0    Str:  5    XL:     3   Next: 1%
Magic:  6/11       EV: 13    Int: 23    God:    Vehumet [......]
Gold:   0          SH:  0    Dex: 18    Spells: 5/11 levels left

rFire    . . .     SeeInvis .   o - +4 quarterstaff (speed)
rCold    . . .     Faith    .   (shield currently unavailable)
rNeg     . . .     Spirit   .   a - +0 robe
rPois    .         Reflect  .   l - +0 helmet
rElec    .         Harm     .   k - +0 cloak
rCorr    .         Rampage  .   (no gloves)
Will     .....     NoTele   +   (no boots)
Stlth    +++.......             (no amulet)
HPRegen  0.06/turn              m - +3 ring of intelligence
MPRegen  0.12/turn              n - +3 ring of dexterity

@: corroded
A: no striking features
a: Renounce Religion


You were in the Dungeon.
You worshipped Vehumet.
Vehumet was noncommittal.
You visited 1 branch

Inventory:

Hand Weapons
 o - a +4 quarterstaff of speed (weapon)
Armour
 a - a +0 robe (worn)
 k - a +0 cloak (worn)
 l - a +0 helmet (worn)
Jewellery
 m - a +3 ring of intelligence (left hand)
 n - a +3 ring of dexterity (right hand)
Wands
 j - a wand of acid (10)
Scrolls
 h - 2 scrolls of blinking
 i - 2 scrolls of amnesia
Potions
 b - a potion of invisibility
 c - 5 potions of curing
 d - a potion of heal wounds
 e - a potion of haste
 f - 4 potions of magic
 g - a potion of berserk rage


   Skills:
 + Level 3.5 Dodging
 - Level 3.3 Stealth
 + Level 4.6 Spellcasting
 + Level 1.5 Conjurations
 + Level 5.2 Air Magic


You had 5 spell levels left.
You knew the following spells:

 Your Spells              Type           Power      Damage    Failure   Level
a - Shock                 Conj/Air       84%        1d8       2%          1
b - Static Discharge      Conj/Air       21%        N/A       3%          2
c - Swiftness             Air            29%        N/A       3%          3

Your spell library contained the following spells:

 Spells                   Type           Power      Damage    Failure   Level
 Airstrike                Air            14%        N/A       11%         4
 Lightning Bolt           Conj/Air       10%        1d23      54%         5


Dungeon Overview and Level Annotations

Branches:
Dungeon (1/1)

Altars:
Cheibriados
Dithmenos
Elyvilon
Fedhas
Gozag
Hepliaklqana
Kikubaaqudgha
Makhleb
Nemelex Xobeh
Okawaru
Qazlal
Ru
Sif Muna
Trog
Uskayaw
Vehumet
Wu Jian
Xom
Yredelemnul
Zin
The Shining One
Beogh
Jiyva
Lugonu


Message History

The wraith is lightly damaged.
The zap hits the orc warrior!
The orc warrior is moderately wounded.
The zap hits the centaur!
The centaur is moderately wounded.
The zap hits the komodo dragon.
The komodo dragon is lightly wounded.
The zap hits the orc warrior but does no damage.
The orc warrior shouts!
Unknown command.
Unknown command.
Casting: Shock (safe; 2% risk of failure)
Confirm with . or Enter, or press ? or * to list all spells.
The acid dragon is struck by an arc of lightning.
The acid dragon is moderately wounded.
The wraith is struck by an arc of lightning.
The wraith is moderately damaged.
The lightning grounds out.
The acid dragon spits acid at you. The splash of acid hits you.
The acid corrodes you!
You are splashed with acid!
Ouch! That really hurt!
Unknown command.
Unknown command.
Unknown command.
Casting: Static Discharge (safe; 3% risk of failure)
Confirm with . or Enter, or press ? or * to list all spells.
Okay, then.
You feel much better. The acid dragon barely misses you.
The acid dragon claws you.
Unknown command.
Casting: Static Discharge (safe; 3% risk of failure)
Confirm with . or Enter, or press ? or * to list all spells.
The acid dragon is struck by an arc of lightning!
The acid dragon is heavily wounded.
You are struck by an arc of lightning.
The acid dragon is struck by an arc of lightning.
The acid dragon is severely wounded.
The lightning grounds out.
The acid dragon bites you. The acid dragon claws you.
You die... ▓▓▓▓▓▓▓▓▓▓▓▓▓▓▓▓▓▓▓▓▓▓▓▓ _______'..)...[.@DWoclo. ▓▓▓▓▓▓▓▓▓▓▓▓▓▓▓▓▓▓▓▓▓▓▓▓

You could see a komodo dragon, a wraith, 2 orc warriors, an acid dragon (catching breath) and a centaur.

Vanquished Creatures
  A shadow imp (D)
  An ufetubus (D)
  An adder zombie (D)
  A worm (D)
  An orc (D)
  An endoplasm (D)
  A giant cockroach (D)
  A goblin (D)
  A hobgoblin (D)
  A quokka (D)
10 creatures vanquished.

Notes
Turn   | Place    | Note
-------+----------+-------------------------------------------
     0 | D        | mhtbhm the Deep Elf Air Elementalist began the quest for
                  | the Orb.
     0 | D        | Reached XP level 1. HP: 10/10 MP: 6/6
     7 | D        | Reached skill level 4 in Air Magic
   153 | D        | Reached XP level 2. HP: 15/15 MP: 6/9
   185 | D        | Reached skill level 5 in Air Magic
   189 | D        | Reached XP level 3. HP: 9/19 MP: 2/11
   350 | D        | Found a snail-covered altar of Cheibriados.
   350 | D        | Found a shadowy altar of Dithmenos.
   350 | D        | Found a white marble altar of Elyvilon.
   350 | D        | Found a blossoming altar of Fedhas.
   350 | D        | Found an opulent altar of Gozag.
   351 | D        | Found a hazy altar of Hepliaklqana.
   352 | D        | Found a viscous altar of Jiyva.
   353 | D        | Found an ancient bone altar of Kikubaaqudgha.
   354 | D        | Found a corrupted altar of Lugonu.
   355 | D        | Found a burning altar of Makhleb.
   356 | D        | Found a sparkling altar of Nemelex Xobeh.
   357 | D        | Found an iron altar of Okawaru.
   358 | D        | Found a stormy altar of Qazlal.
   359 | D        | Found a sacrificial altar of Ru.
   360 | D        | Found a shimmering blue altar of Sif Muna.
   361 | D        | Found a bloodstained altar of Trog.
   362 | D        | Found a hide-covered altar of Uskayaw.
   363 | D        | Found a radiant altar of Vehumet.
   364 | D        | Found an ornate altar of the Wu Jian Council.
   365 | D        | Found a shimmering altar of Xom.
   366 | D        | Found a basalt altar of Yredelemnul.
   367 | D        | Found a glowing silver altar of Zin.
   368 | D        | Found a glowing golden altar of the Shining One.
   371 | D        | Became a worshipper of Vehumet
   424 | D        | Learned a level 2 spell: Static Discharge
   428 | D        | Learned a level 3 spell: Swiftness
   428 | D        | Noticed an acid dragon
   428 | D        | Noticed a wraith
   428 | D        | Noticed an orc warrior
   428 | D        | Noticed a centaur
   428 | D        | Noticed a komodo dragon
   428 | D        | Noticed an orc warrior
   432 | D        | Slain by an acid dragon

Illustrated notes

Levels and vault maps discovered:
D:        linesprint [early_d, line_temple, items_1, d_10, items_2, lair_1,
          lair_end, items_3, orc_1, orc_end, items_4, d_15, swamp_1, shoals_1,
          snake_1, spider_1, d_20, vaults_1, items_5, swamp_end, shoals_end,
          snake_end, spider_end, vaults_end, d_27, items_6, zot_1, zot_end,
          crypt_end, forest_end, elf_end, slime_end, tomb_end, abyss_end,
          pan_hell_end]

Skill      XL: |  1  2 |
---------------+-------+-----
Air Magic      | 4 5 |  5.2
Dodging        | 3 |  3.5
Stealth        | 3 |  3.3
Spellcasting   | 4 |  4.6
Conjurations   | |  1.5

Action                   || total
-------------------------++-------
 Cast: Shock             ||    14
       Static Discharge  ||     2
  Use: Potion            ||     2
Dodge: Dodged            ||     3

Table legend: (Time is in decaauts)
 A = Elapsed time spent in this place.
 B = Non-inter-level travel time spent in this place.
 C = Inter-level travel time spent in this place.
 D = Time resting spent in this place.
 E = Time spent auto-exploring this place.
 F = Levels seen in this place.
 G = Mean time per level.
                   A        B        C        D        E       F      G
               +--------+--------+--------+--------+--------+-----+--------+
         Total |    430 |    430 |      0 |    317 |      0 |   1 |  430.0 |
       Dungeon |    430 |    430 |      0 |    317 |      0 |   1 |  430.0 |
               +--------+--------+--------+--------+--------+-----+--------+

Top non-repeatable levels by time:
       D: 430 daAuts
